 Dungeon Crawl Stone Soup version 0.22-a0-422-g9628fc8 (webtiles) character file.

156 4thArraOfDagon the Skirmisher (level 5, 0/75 HPs)
             Began as a Minotaur Summoner on May 16, 2018.
             Was an Initiate of Fedhas.
             Succumbed to a kobold's poison
             ... on level 3 of the Dungeon.
             The game lasted 00:04:16 (1509 turns).

4thArraOfDagon the Skirmisher (Minotaur Summoner)   Turns: 1509, Time: 00:04:16

Health: 0/75       AC: 22    Str: 12    XL:     5   Next: 14%
Magic:  6/6        EV:  2    Int: 18    God:    Fedhas [......]
Gold:   49         SH:  0    Dex: 11    Spells: 5/6 levels left

rFire    . . .     SeeInvis .   (no weapon)
rCold    . . .     Gourm    .   (no shield)
rNeg     + + +     Faith    .   (armour currently unavailable)
rPois    +         Spirit   .   (helmet currently unavailable)
rElec    .         Reflect  .   (cloak currently unavailable)
rCorr    .         Harm     .   (gloves currently unavailable)
MR       .....     NoTele   +   (boots currently unavailable)
Stlth    ++........             (no amulet)
HPRegen  0.22/turn              (no ring)
MPRegen  0.10/turn              (no ring)

@: brilliant, lethally poisoned (0 -> -2), tree-form
A: (retaliatory headbutt)
a: Fungal Bloom, Renounce Religion


You were on level 3 of the Dungeon.
You worshipped Fedhas.
Fedhas was noncommittal.
You were not hungry.
You were a tree.
You visited 1 branch of the dungeon, and saw 3 of its levels.

You collected 49 gold pieces.

Inventory:

Missiles
 e - a javelin (quivered)
Armour
 a - a +0 robe
 b - a +0 ring mail
 d - a +2 hat (melded)
 l - a +0 ring mail of cold resistance (melded)
Scrolls
 h - a scroll of magic mapping {unknown}
 i - 5 scrolls of remove curse {unknown}
 k - a scroll of teleportation {unknown}
Comestibles
 c - 3 rations
 j - a chunk of flesh


   Skills:
 + Level 5.9 Fighting
 - Level 2.1 Dodging
 - Level 1.5 Stealth
 - Level 1.3 Spellcasting
 - Level 2.9 Summonings


You had 5 spell levels left.
You knew the following spells:

 Your Spells              Type           Power        Failure   Level  Hunger
a - Summon Small Mammal   Summ           ###.         1%          1    ##.....

Your spell library contained the following spells:

 Spells                   Type           Power        Failure   Level  Hunger
 Summon Ice Beast         Ice/Summ       ###.....     12%         4    #####..
 Call Imp                 Summ           ###.....     1%          2    ###....
 Call Canine Familiar     Summ           ###.....     2%          3    ####...
 Summon Lightning Spire   Summ/Air       ###.....     12%         4    #####..
 Summon Guardian Golem    Hex/Summ       ###.....     3%          3    ####...


Dungeon Overview and Level Annotations

Branches:
Dungeon (3/15)

Altars:
Fedhas

Annotations:
D:2 Natasha


Innate Abilities, Weirdness & Mutations

((You reflexively headbutt those who attack you in melee.))
((You have a pair of horns on your head.))


Message History

You feel sick.
Unknown command.
* * * LOW HITPOINT WARNING * * *
You feel sick.
* * * LOW HITPOINT WARNING * * *
You feel sick.
* * * LOW HITPOINT WARNING * * *
You feel sick.
* * * LOW HITPOINT WARNING * * *
You feel sick.
* * * LOW HITPOINT WARNING * * *
You feel sick.
* * * LOW HITPOINT WARNING * * *
You feel sick.
Unknown command.
* * * LOW HITPOINT WARNING * * *
You feel sick.
Unknown command.
You die...
Fedhas appreciates your contribution to the ecosystem.

.... .... . .....
..... #.
#.#.#######...# #.
#.#.#.........#
#..#.#.#.........#
#..#.#....)......#
...#....†♣.....#
#.####.#.....).....#
#.....<....(...(...#
########.#(........#
...#(........# #
.....+(........#
#.##########(.(...####
#........)........#
####..K#####......#


There were no monsters in sight!

Vanquished Creatures
  A big kobold (D:3)
  Natasha (D:2)
  An adder (D:2)
  An ooze (D:1)
  A dart slug (D:2)
  2 leopard geckos (D:1)
  4 giant cockroaches
  7 goblins
  3 hobgoblins
  4 jackals (D:3)
  A quokka (D:2)
  9 bats
  A frilled lizard (D:1)
  8 kobolds
  3 rats
47 creatures vanquished.

Vanquished Creatures (others)
  3 toadstools
3 creatures vanquished.

Grand Total: 50 creatures vanquished

Notes
Turn   | Place    | Note
-------+----------+-------------------------------------------
     0 | D:1      | 4thArraOfDagon the Minotaur Summoner began the quest for the Orb.
     0 | D:1      | Reached XP level 1. HP: 14/14 MP: 1/1
     0 | D:1      | 4thArraOfDagon: misu is any good/
   101 | D:1      | Reached skill level 1 in Fighting
   196 | D:1      | Reached skill level 2 in Fighting
   196 | D:1      | Reached XP level 2. HP: 19/24 MP: 3/3
   197 | D:1      | 4thArraOfDagon: which god?
   343 | D:1      | Thaneod: ofc trog:)
   526 | D:2      | 4thArraOfDagon: nooo
   549 | D:2      | Reached skill level 3 in Fighting
   557 | D:2      | Thaneod: oka
   559 | D:2      | Noticed Natasha
   847 | D:2      | Reached XP level 3. HP: 31/31 MP: 4/4
   944 | D:2      | Killed Natasha
   944 | D:2      | Reached skill level 4 in Fighting
   944 | D:2      | Reached XP level 4. HP: 41/41 MP: 5/5
  1171 | D:2      | Noticed Natasha
  1277 | D:2      | Found a blossoming altar of Fedhas.
  1285 | D:2      | 4thArraOfDagon: I think fedhas is ok
  1285 | D:2      | Became a worshipper of Fedhas Madash
  1468 | D:3      | Noticed a big kobold
  1496 | D:3      | Killed a big kobold
  1496 | D:3      | Reached skill level 5 in Fighting
  1496 | D:3      | Reached XP level 5. HP: 7/50 MP: 6/6
  1500 | D:3      | HP: 3/75 [poisoned by a kobold]
  1505 | D:3      | HP: 2/75 [poisoned by a kobold]
  1509 | D:3      | Succumbed to a kobold's poison

Vault maps used:
D:1:      dpeg_arrival_shrine
D:2:      fedhas_altar_1, uniq_natasha
D:3:      grunt_temple_overflow_diamond, first_ration

Skill      XL: |  1  2  3  4 |
---------------+-------------+-----
Fighting       | 2 3 4 5 |  5.9
Dodging        | |  2.1
Stealth        | |  1.5
Spellcasting   | |  1.3
Summonings     | |  2.9

Action                   |  1- 3 |  4- 6 || total
-------------------------+-------+-------++-------
Melee: Unarmed           |   131 |    67 ||   198
       Headbutt          |    16 |     8 ||    24
Throw: Javelin           |     2 |       ||     2
Invok: Fungal Bloom      |       |     2 ||     2
  Use: Potion            |     3 |     2 ||     5
  Eat: Chunk             |       |     2 ||     2
Armor: Ring mail         |    61 |    23 ||    84
       Skin              |       |    20 ||    20
Dodge: Dodged            |   103 |    41 ||   144

Table legend:
 A = Spawn XP
 B = Non-spawn XP
 C = Spawn XP percentage of total XP
 D = Spawn monster count
 E = Non-spawn monster count
 F = Spawn count percentage of total count
 G = Total turns spent on level
                    A         B        C        D         E        F      G
               +---------+---------+-------+---------+---------+-------+---------
         Total |       0 |     223 |   0.0 |       0 |      47 |   0.0 |  1509
               +---------+---------+-------+---------+---------+-------+---------
           D:1 |       0 |      34 |   0.0 |       0 |      18 |   0.0 |   983
           D:2 |       0 |      79 |   0.0 |       0 |      19 |   0.0 |   427
           D:3 |       0 |     110 |   0.0 |       0 |      10 |   0.0 |    99
               +---------+---------+-------+---------+---------+-------+---------
